 Dungeon Crawl Stone Soup version 0.28-a0-440-ge3cd3e9c68 (console) character file.

Game seed: 12035667998214016873

100 nht the Cutter (level 4, 0/35 HPs)
             Began as a Demonspawn Berserker on Sept 11, 2021.
             Was a Believer of Trog.
             Succumbed to an adder's poison
             ... on level 3 of the Dungeon.
             The game lasted 00:02:30 (2368 turns).

nht the Cutter (Demonspawn Berserker)               Turns: 2368, Time: 00:02:30

Health: 0/35       AC:  3    Str: 18    XL:     4   Next: 46%
Magic:  4/4        EV: 14    Int:  8    God:    Trog [**....]
Gold:   99         SH:  0    Dex: 13    Spells: 3/3 levels left

rFire   . . .      SeeInvis .   l - +2 short sword (venom)
rCold   . . .      Faith    .   (no shield)
rNeg    . . .      Spirit   .   b - +0 animal skin
rPois   .          Reflect  .   (no helmet)
rElec   .          Harm     .   (no cloak)
rCorr   .          Rampage  .   m - +0 pair of gloves
Will    .....                   (no boots)
Stlth   +.........              (no amulet)
HPRegen 0.11/turn               (no ring)
MPRegen 0.18/turn               (no ring)

@: lethally poisoned (0 -> -7), on berserk cooldown, hasted and slowed
A: talons 1, repulsion field 1, magic regeneration
a: Renounce Religion, Berserk, Trog's Hand


You were on level 3 of the Dungeon.
You worshipped Trog.
Trog was pleased with you.
You visited 1 branch of the dungeon, and saw 3 of its levels.

You collected 99 gold pieces.

Inventory:

Hand Weapons
 a - a +0 short sword
 l - a +2 short sword of venom (weapon)
Missiles
 j - 13 poisoned darts (quivered)
Armour
 b - a +0 animal skin (worn)
 m - a +0 pair of gloves (worn)
Scrolls
 c - a scroll of immolation {unknown}
 e - a scroll of torment {unknown}
 f - a scroll of fear {unknown}
 g - a scroll of amnesia {unknown}
 h - a scroll of enchant weapon {unknown}
 i - a scroll of identify {unknown}
 n - a scroll of teleportation {unknown}
Potions
 d - 2 potions of haste
 k - a potion of heal wounds {unknown}


   Skills:
 - Level 3.0 Fighting
 + Level 4.8 Short Blades
 - Level 1.7 Armour
 - Level 1.7 Dodging


You had 3 spell levels left.
You didn't know any spells.
Your spell library was empty.

Dungeon Overview and Level Annotations

Branches:
Dungeon (3/15)

Altars:


Innate Abilities, Weirdness & Mutations

You have sharp toenails.
You are surrounded by a mild repulsion field. (EV +2)
You regenerate magic rapidly.


Message History

You see here a +0 halberd.
You closely miss the gnoll. The gnoll closely misses you.
The gnoll hits you but does no damage.
You puncture the gnoll!
The gnoll is poisoned.
The gnoll is severely wounded.
The gnoll hits you from afar with a +0 spear.
* * * LOW HITPOINT WARNING * * *
You puncture the gnoll!
You kill the gnoll!
Trog accepts your kill. The gnoll misses you.
Things that are here:
a +0 spear; a gnoll corpse You puncture the gnoll!
The gnoll is poisoned.
The gnoll is severely wounded.
You barely miss the gnoll.
The gnoll is severely wounded.
The gnoll hits you with a +0 spear!
* * * LOW HITPOINT WARNING * * *
You puncture the gnoll!
You kill the gnoll!
Trog accepts your kill.
You are no longer berserk.
You are exhausted.
You feel yourself slow down.
Unknown command.
Unknown command.
You hit the adder.
The adder is poisoned.
Your kick misses the adder.
The adder is moderately wounded.
The adder completely misses you. The adder closely misses you.
You barely miss the adder.
The adder is moderately wounded.
The adder barely misses you. The adder misses you.
You closely miss the adder. You claw the adder.
The adder is severely wounded.
The adder bites you.
* * * LOW HITPOINT WARNING * * *
You are lethally poisoned!
The adder poisons you!
It was a potion of haste.
You feel yourself speed up.
You die...

█ █.█........█ █
████████.........█
█...).███........█
█.....███........█
█
█.....█......█████
█ █.....█.█.██.███
███.....█.█..█...█
█............█.█)█
█.███.██████████)█
█.███....█ █)█
.........█ █@█
█.█.█.██.█


█S█ █.█.█.████ ..█ █........█ ██.█ ██[.█....█ ..█ █..████.█ ..█ █....██.█ ███
█.█...█.█ █.█...█.█ █......<█ ███...██████ You could see an adder (very
poisoned).

Vanquished Creatures
  4 gnolls (D:3)
  An adder (D:2)
  3 dart slugs
  4 ball pythons
  3 bats (D:1)
  4 endoplasms
  3 giant cockroaches (D:1)
  6 goblins
  4 hobgoblins (D:1)
  2 quokkas
  5 frilled lizards
  4 kobolds
  2 rats (D:1)
45 creatures vanquished.

Notes
Turn   | Place    | Note
-------+----------+-------------------------------------------
     0 | D:1      | nht the Demonspawn Berserker began the quest for the Orb.
     0 | D:1      | Reached XP level 1. HP: 18/18 MP: 1/1
    74 | D:1      | Reached skill level 3 in Short Blades
   145 | D:1      | Gained mutation: You are surrounded by a mild repulsion
                  | field. (EV +2) [demonic ancestry]
   145 | D:1      | Reached XP level 2. HP: 23/24 MP: 2/2
   961 | D:1      | Reached ** piety under Trog
   974 | D:1      | Gained mutation: You have sharp toenails. [demonic
                  | ancestry]
   974 | D:1      | Reached XP level 3. HP: 29/29 MP: 3/3
  1193 | D:2      | Reached skill level 4 in Short Blades
  2146 | D:3      | Found a faded altar of an unknown god.
  2355 | D:3      | Gained mutation: You regenerate magic rapidly. [demonic
                  | ancestry]
  2355 | D:3      | Reached XP level 4. HP: 25/35 MP: 4/4
  2368 | D:3      | Succumbed to an adder's poison

Illustrated notes

Levels and vault maps discovered:
D:1:      co_arrival_random_square_maze, layout_basic
D:2:      layout_basic
D:3:      minmay_wonky_spiral, layout_loops_cross,
          shapermc_ecumenical_altar_rom_forum

Skill      XL: |  1  2  3 |
---------------+----------+-----
Short Blades   | 3 4 |  4.8
Fighting       | |  3.0
Armour         | |  1.7
Dodging        | |  1.7

Action                   |  1- 3 |  4- 6 || total
-------------------------+-------+-------++-------
Melee: Short sword       |   115 |    10 ||   125
       Kick              |     3 |     2 ||     5
Invok: Berserk           |     2 |       ||     2
  Use: Potion            |       |     1 ||     1
 Stab: Sleeping          |     1 |       ||     1
       Distracted        |     1 |       ||     1
Armor: Animal skin       |    15 |     1 ||    16
Dodge: Dodged            |    74 |     7 ||    81

Table legend: (Time is in decaauts)
 A = Elapsed time spent in this place.
 B = Non-inter-level travel time spent in this place.
 C = Inter-level travel time spent in this place.
 D = Time resting spent in this place.
 E = Time spent auto-exploring this place.
 F = Levels seen in this place.
 G = Mean time per level.
                   A        B        C        D        E       F      G
               +--------+--------+--------+--------+--------+-----+--------+
         Total |   2366 |   2217 |    149 |      0 |   1923 |   3 |  788.7 |
       Dungeon |   2366 |   2217 |    149 |      0 |   1923 |   3 |  788.7 |
               +--------+--------+--------+--------+--------+-----+--------+

Top non-repeatable levels by time:
     D:1: 1071 daAuts
     D:2: 1062 daAuts
     D:3: 232 daAuts
